 Dungeon Crawl Stone Soup version 0.25-a0-420-g1cc7eeb0d1 (webtiles) character file.

Game seed: 12281546556425875806, levelgen mode: deterministic

20085 vurker the Zephyrmancer (level 12, -10/73 HPs)
             Began as a Tengu Air Elementalist on Jan 18, 2020.
             Was an Elder of Vehumet.
             Mangled by a snapping turtle (24 damage)
             ... on level 4 of the Lair of Beasts.
             The game lasted 00:30:12 (20233 turns).

vurker the Zephyrmancer (Tengu Air Elementalist)   Turns: 20233, Time: 00:30:12

Health: -10/73     AC:  9    Str: 10    XL:     12   Next: 75%
Magic:  14/36      EV: 16    Int: 20    God:    Vehumet [****..]
Gold:   637        SH:  4    Dex: 14    Spells: 21/31 levels left

rFire    . . .     SeeInvis .   g - +5 short sword "Gadghuisu" {venom, rC+ MP+9}
rCold    + . .     Gourm    .   C - +0 buckler
rNeg     + . .     Faith    .   a - +1 robe
rPois    +         Spirit   .   (helmet restricted)
rElec    .         Reflect  .   p - +2 cloak
rCorr    .         Harm     +   E - +2 pair of gloves
MR       .....                  (boots unavailable)
Stlth    ++........             n - amulet of harm
HPRegen  0.22/turn              b - ring of poison resistance
MPRegen  0.25/turn              B - ring of positive energy

@: flying quickly and evasively, quick
A: beak, talons 3, able to fly
a: Stop Flying, Renounce Religion


You were on level 4 of the Lair of Beasts.
You worshipped Vehumet.
Vehumet was greatly pleased with you.
You were hungry.

You visited 3 branches of the dungeon, and saw 16 of its levels.

You collected 742 gold pieces.
You spent 105 gold pieces at shops.

Inventory:

Hand Weapons
 g - the +5 short sword "Gadghuisu" (weapon) {venom, rC+ MP+9}
   (You found it on level 7 of the Dungeon)

   It poisons the flesh of those it strikes.
   It protects you from cold.
   It affects your magic capacity (+9).
Armour
 a - a +1 robe (worn)
 p - a +2 cloak (worn)
   (You took it off Crazy Yiuf on level 5 of the Dungeon)
 C - a +0 buckler (worn)
   (You found it on level 4 of the Lair of Beasts)
 E - a +2 pair of gloves (worn)
   (You found it on level 1 of the Lair of Beasts)
Jewellery
 b - a ring of poison resistance (left hand)
   (You found it on level 1 of the Dungeon)
 n - an amulet of harm (around neck)
   (You found it on level 9 of the Dungeon)
 r - an uncursed ring of protection from cold
   (You found it on level 2 of the Dungeon)
 A - an uncursed ring of protection from fire
   (You found it on level 6 of the Dungeon)
 B - a ring of positive energy (right hand)
   (You found it on level 8 of the Dungeon)
 F - an uncursed ring of resist corrosion
   (You found it on level 1 of the Lair of Beasts)
Wands
 d - a wand of iceblast (12)
   (You found it on level 9 of the Dungeon)
 t - a wand of flame (38)
   (You found it on level 2 of the Lair of Beasts)
 D - a wand of clouds (6)
   (You found it on level 1 of the Lair of Beasts)
 G - a wand of polymorph (18)
   (You took it off Crazy Yiuf on level 5 of the Dungeon)
Scrolls
 h - 2 scrolls of immolation
 j - 2 scrolls of enchant armour
 o - 17 scrolls of remove curse
 x - a scroll of fear
 y - 10 scrolls of teleportation
 z - a scroll of magic mapping
 H - a scroll of fog
 I - a scroll of enchant weapon {unknown}
 K - 2 scrolls of amnesia
Potions
 c - 3 potions of magic
 f - 2 potions of brilliance
 i - 2 potions of cancellation {unknown}
 k - 3 potions of haste
 l - 6 potions of curing
 m - 3 potions of lignification {unknown}
 s - 4 potions of heal wounds
 u - a potion of mutation {unknown}
 v - 2 potions of degeneration {unknown}
 w - 2 potions of might {unknown}
 L - 2 potions of ambrosia {unknown}
Miscellaneous
 q - 2 boxes of beasts
Comestibles
 e - 25 rations
 J - a chunk of flesh


   Skills:
 + Level 7.6 Fighting
 + Level 3.9 Dodging
 - Level 2.0 Stealth
 * Level 2.0 Shields
 * Level 10.2 Spellcasting
 * Level 13.7 Conjurations
 * Level 14.0 Air Magic
 + Level 2.5 Evocations


You had 21 spell levels left.
You knew the following spells:

 Your Spells              Type           Power        Failure   Level  Hunger
a - Shock                 Conj/Air       ####         1%          1    None
b - Lightning Bolt        Conj/Air       ######....   1%          5    ####...
c - Airstrike             Air            ######....   1%          4    ##.....

Your spell library contained the following spells:

 Spells                   Type           Power        Failure   Level  Hunger
 Iskenderun's Mystic Bla  Conj/Tloc      #####...     1%          4    ##.....
 Swiftness                Chrm/Air       #####...     1%          2    None
 Static Discharge         Conj/Air       ######..     1%          3    None
 Summon Lightning Spire   Summ/Air       #####...     4%          4    ##.....
 Summon Small Mammal      Summ           ##..         9%          1    None
 Call Imp                 Summ           ##......     13%         2    None
 Call Canine Familiar     Summ           ##......     26%         3    None
 Confusing Touch          Hex            ##......     26%         3    None
 Gell's Gravitas          Tloc           ##........   26%         3    None
 Summon Guardian Golem    Hex/Summ       ##......     26%         3    None
 Yara's Violent Unravell  Hex/Tmut       ##........   50%         5    ####...
 Petrify                  Tmut/Erth      ##......     65%         4    ##.....
 Summon Ice Beast         Ice/Summ       ##......     65%         4    ##.....
 Metabolic Englaciation   Hex/Ice        ##........   94%         5    ####...


Dungeon Overview and Level Annotations

Branches:
Dungeon (11/15)            Temple (1/1) D:4            Lair (4/6) D:10
 Shoals (0/4) Lair:4        Snake (0/4) Lair:3
    Orc: D:9-12

Altars:
Ashenzari
Cheibriados
Dithmenos
Elyvilon
Fedhas
Gozag
Hepliaklqana
Kikubaaqudgha
Makhleb
Okawaru
Qazlal
Ru
Sif Muna
Trog
Uskayaw
Vehumet
Wu Jian
Xom
Yredelemnul
Zin
The Shining One

Shops:
D:6 [   D:9 *   D:11 *?}(

Annotations:
D:7 2 transporters, LostGamesStreakFreak's ghost, novice MiMo
D:11 Gastronok


Innate Abilities, Weirdness & Mutations

You have a beak for a mouth.
You have claws for feet.
You can fly continuously.


Message History

Aim: a dream sheep (moderately wounded, very poisoned)
The air twists around and strikes the dream sheep!
You kill the dream sheep!
Vehumet accepts your kill.
Things that are here:
a dream sheep corpse x2
You butcher the dream sheep corpse.
J - 2 chunks of flesh
Things that are here:
a dream sheep skeleton; a dream sheep corpse Eating one of 2 chunks of flesh.
You eat one of the 2 chunks of flesh.
Eating a chunk of flesh.
You eat the chunk of flesh.
You see here a dream sheep skeleton.
A rime drake comes into view.
Aim: a rime drake (hasn't noticed you)
The air twists around and violently strikes the rime drake!!
Aim: a rime drake (severely wounded)
The air twists around and violently strikes the rime drake!!
You kill the rime drake!
Vehumet accepts your kill.
You feel your power returning.
Your Shields skill increases to level 2!
You butcher the rime drake corpse.
J - a chunk of flesh You see here a rime drake skeleton. x2
Found a leather armour.
You see here a leather armour.
As you open the door, it creaks loudly!
A snapping turtle comes into view.
The snapping turtle hisses angrily.
Found a staircase to the Shoals.
Aim: a snapping turtle The air twists around and strikes the snapping turtle.
Aim: a snapping turtle The air twists around and strikes the snapping turtle!!
Aim: a snapping turtle (heavily wounded)
The air twists around and strikes the snapping turtle.
Aim: a snapping turtle (heavily wounded)
The air twists around and strikes the snapping turtle.
The snapping turtle bites you from afar!!
Aim: a snapping turtle (heavily wounded)
The air twists around and strikes the snapping turtle!
The snapping turtle misses you.
Aim: a snapping turtle (severely wounded)
The air twists around and strikes the snapping turtle!
The snapping turtle bites you from afar!!
* * * LOW HITPOINT WARNING * * *
You are feeling hungry.
The snapping turtle bites you from afar!!
You die...

....#...##...#
...÷....#....#
...###...#..##
...#.#.......#
.............###
.............#.##
................###
.............#≈[..#
.......≈≈≈≈≈≈≈.P@.#
......≈≈≈≈≈≈≈≈≈≈.##
.....≈≈≈#####≈≈≈t.#
##.#P≈≈##...##≈≈.##
###..≈≈#.....#≈≈.#
.....≈≈#..>..'...#
P....≈≈#.....#≈≈.#
#....≈≈##...##≈≈≈#
###.#≈≈≈#####≈≈≈##


You could see a snapping turtle.

Vanquished Creatures
  A catoblepas (Lair:4)
  4 oklob plants (Lair:4)
  3 elephants (Lair:4)
  2 black mambas
  A torpor snail (Lair:4)
  Maggie (Lair:1)
  3 spiny frogs (Lair:2)
  3 rime drakes
  2 komodo dragons (Lair:1)
  A polar bear (Lair:3)
  Prince Ribbit (D:8)
  4 dream sheep (Lair:4)
  5 hippogriffs
  A wyvern (Lair:4)
  19 yaks
  A hungry ghost (D:4)
  Sigmund (D:4)
  3 basilisks
  2 nagas (Lair:3)
  Menkaure (D:4)
  Duvessa (D:5)
  6 porcupines
  3 water moccasins
  A floating eye (Lair:4)
  2 orc warriors
  3 sky beasts
  2 black bears
  3 ice beasts
  4 phantoms
  A necrophage (D:9)
  6 ogres
  4 wolves (Lair:4)
  8 centaurs
  2 crocodiles
  Blork the orc (D:5)
  3 big kobolds
  13 bullfrogs
  2 scorpions
  A water moccasin skeleton (D:7)
  Dowan (D:5)
  5 wights (D:10)
  5 howler monkeys
  4 electric eels
  A crimson imp (D:5)
  2 centaur zombies
  3 jellies
  Crazy Yiuf (D:5)
  3 hounds
  2 centaur skeletons
  5 orc priests
  4 bullfrog skeletons
  4 orc wizards
  2 iguanas
  Jessica (D:3)
  5 worker ants
  A hound zombie (D:7)
  A hound skeleton (D:5)
  A worker ant zombie (D:5)
  18 adders
  3 shadow imps
  An adder skeleton (D:4)
  An adder zombie (D:6)
  2 worms (D:3)
  2 dart slugs (D:2)
  3 leopard geckos
  28 orcs
  7 bats
  12 giant cockroaches
  11 goblins
  6 hobgoblins
  8 jackals
  3 quokkas
  9 frilled lizards
  A giant cockroach zombie (D:5)
  23 kobolds
  4 rats
318 creatures vanquished.

Vanquished Creatures (others)
  2 fungi (Lair:4)
2 creatures vanquished.

Grand Total: 320 creatures vanquished

Notes
Turn   | Place    | Note
-------+----------+-------------------------------------------
     0 | D:1      | vurker the Tengu Air Elementalist began the quest for the
                  | Orb.
     0 | D:1      | Reached XP level 1. HP: 10/10 MP: 4/4
   169 | D:1      | Reached XP level 2. HP: 15/15 MP: 0/6
  1294 | D:2      | Reached XP level 3. HP: 11/20 MP: 0/7
  1998 | D:2      | Reached XP level 4. HP: 24/24 MP: 5/8
  2210 | D:2      | Found a basalt altar of Yredelemnul.
  2363 | D:2      | Reached skill level 1 in Fighting
  2747 | D:3      | Reached skill level 5 in Air Magic
  2832 | D:3      | Gained mutation: You can fly continuously. [Tengu growth]
  2832 | D:3      | Reached XP level 5. HP: 16/29 MP: 0/10
  2997 | D:3      | Found an iron altar of Okawaru.
  3256 | D:3      | Noticed Jessica
  3260 | D:3      | Killed Jessica
  3404 | D:3      | Found a hide-covered altar of Uskayaw.
  3638 | D:3      | Reached XP level 6. HP: 35/35 MP: 8/12
  4057 | D:3      | Learned a level 5 spell: Lightning Bolt
  4062 | D:3      | Learned a level 4 spell: Airstrike
  4105 | D:4      | Reached skill level 6 in Air Magic
  4281 | D:4      | Reached skill level 5 in Conjurations
  4283 | D:4      | Reached XP level 7. HP: 40/40 MP: 5/13
  4457 | D:4      | Noticed a hungry ghost
  4467 | D:4      | Killed a hungry ghost
  4507 | D:4      | Reached skill level 7 in Air Magic
  4786 | D:4      | Noticed Menkaure
  4787 | D:4      | Noticed Sigmund
  4802 | D:4      | Killed Menkaure
  4802 | D:4      | Reached XP level 8. HP: 33/46 MP: 7/16
  4935 | D:4      | Killed Sigmund
  5059 | D:4      | Found a staircase to the Ecumenical Temple.
  5070 | D:4      | Found a shadowy altar of Dithmenos.
  5082 | Temple   | Entered the Ecumenical Temple
  5162 | Temple   | Became a worshipper of Vehumet
  5284 | D:4      | Found an ornate altar of the Wu Jian Council.
  5595 | D:5      | Entered Level 5 of the Dungeon
  5603 | D:5      | Reached skill level 5 in Spellcasting
  5606 | D:5      | Noticed Blork the orc
  5715 | D:5      | Noticed Dowan
  5717 | D:5      | Noticed Duvessa
  5719 | D:5      | Killed Dowan
  5827 | D:5      | Killed Duvessa
  5827 | D:5      | Reached skill level 8 in Air Magic
  6337 | D:5      | Killed Blork the orc
  6337 | D:5      | Reached XP level 9. HP: 37/52 MP: 5/18
  6454 | D:4      | Found a blossoming altar of Fedhas.
  6471 | D:5      | Found an opulent altar of Gozag.
  6750 | D:5      | Found a runed translucent door.
  6751 | D:5      | Noticed Crazy Yiuf
  7074 | D:5      | Killed Crazy Yiuf
  7126 | D:6      | Reached skill level 9 in Air Magic
  7204 | D:6      | Reached * piety under Vehumet
  7204 | D:6      | Offered knowledge of Magic Dart by Vehumet.
  8237 | D:6      | Found Taugicw's Armour Emporium.
  8685 | D:7      | Reached skill level 10 in Air Magic
  9200 | D:7      | Reached ** piety under Vehumet
  9200 | D:7      | Offered knowledge of Sandblast by Vehumet.
  9275 | D:7      | Reached XP level 10. HP: 52/58 MP: 8/21
  9277 | D:7      | Reached skill level 5 in Fighting
  9697 | D:7      | Got a brightly glowing short sword
  9698 | D:7      | Identified the +5 short sword "Gadghuisu" {venom, rC+ MP+9}
                  | (You found it on level 7 of the Dungeon)
  9757 | D:7      | Reached skill level 10 in Conjurations
  9954 | D:7      | Found a transporter.
  9954 | D:7      | Noticed LostGamesStreakFreak's ghost (novice MiMo)
 10041 | D:7      | Found a transporter.
 10359 | D:8      | Noticed Prince Ribbit
 10363 | D:8      | Killed Prince Ribbit
 10454 | D:8      | Found a shattered altar of Ashenzari.
 10495 | D:8      | Found a glowing silver altar of Zin.
 10606 | D:8      | Offered knowledge of Mephitic Cloud by Vehumet.
 11317 | D:8      | Reached skill level 11 in Air Magic
 11947 | D:9      | Found Zeik's General Store.
 11952 | D:9      | Bought a scroll of identify for 30 gold pieces
 12112 | D:9      | Reached *** piety under Vehumet
 12644 | D:10     | Entered Level 10 of the Dungeon
 12892 | D:10     | Found a staircase to the Lair.
 13053 | D:10     | Offered knowledge of Inner Flame by Vehumet.
 13261 | D:10     | Reached XP level 11. HP: 33/64 MP: 24/24
 13985 | D:11     | Reached skill level 12 in Air Magic
 14025 | D:11     | Found Kaete's Antique Weapon Shoppe.
 14083 | D:11     | Found Doinwad's Magic Scroll Shoppe.
 14092 | D:11     | Bought a scroll of teleportation for 45 gold pieces
 14092 | D:11     | Bought a scroll of identify for 30 gold pieces
 14093 | D:11     | Found Joblad Ocw's General Store.
 14204 | D:11     | Found Giyvum's Gadget Emporium.
 14223 | D:11     | Noticed Gastronok
 14506 | Lair:1   | Entered Level 1 of the Lair of Beasts
 14805 | Lair:1   | Noticed Maggie
 14809 | Lair:1   | Killed Maggie
 14940 | Lair:1   | Got a jewelled quarterstaff
 16670 | Lair:2   | Reached skill level 13 in Air Magic
 17420 | Lair:3   | Found a staircase to the Snake Pit.
 17427 | Lair:3   | Reached **** piety under Vehumet
 17544 | Lair:3   | Reached XP level 12. HP: 72/72 MP: 24/26
 17973 | Lair:4   | Reached skill level 1 in Evocations
 18278 | Lair:4   | Offered knowledge of Iskenderun's Mystic Blast by Vehumet.
 18454 | Lair:4   | Paralysed by a floating eye for 2 turns
 18803 | Lair:4   | Reached skill level 10 in Spellcasting
 18953 | Lair:4   | Noticed a catoblepas
 18968 | Lair:4   | Killed a catoblepas
 19073 | Lair:4   | Found a shadowy altar of Dithmenos.
 19288 | Lair:4   | Reached skill level 1 in Shields
 19820 | Lair:4   | Reached skill level 14 in Air Magic
 20222 | Lair:4   | Found a staircase to the Shoals.
 20233 | Lair:4   | Mangled by a snapping turtle

Levels and vault maps discovered:
D:1:      dpeg_arrival_round_a, layout_basic
D:2:      layout_loops_ring, lemuel_round_altar, first_ration
D:3:      layout_loops_ring, okawaru_ov_weapons_minmay,
          nicolae_overflow_hidden_temple, uniq_jessica
D:4:      lemuel_upstairs_altar, layout_rooms, lemuel_doored_altar,
          kennysheep_little_box, minmay_temple_entry_waves, uniq_sigmund,
          uniq_menkaure
D:5:      layout_cave_pools, nicolae_gozag_seed_capital, uniq_duvessa,
          uniq_blork_the_orc, uniq_crazy_yiuf_cottage
D:6:      layout_loops_cross, serial_shops, shop_statue
D:7:      layout_basic, gammafunk_ghost_arena, enter_bailey_3
D:8:      layout_basic, marbit_many_paths, overflow_temple_1_default,
          uniq_prince_ribbit1
D:9:      layout_loops_ring, serial_shops, nicolae_shop_crystal
D:10:     layout_long_grid, lair_entry_dummy
D:11:     minmay_wavy_crystal, layout_stronghold, minmay_orc_entry_temple_small,
          serial_shops, nicolae_shop_overgrown_old_shop, shop,
          nicolae_shop_stone, nicolae_shop_behind_doors, shop_scrolls,
          uniq_gastronok
Temple:   eino_narrow_crystal_temple
Lair:1:   layout_chaotic_city, uniq_maggie
Lair:2:   layout_gridlike, portal_ice_cave_rime
Lair:3:   layout_chaotic_city, guppyfry_snake_entry_garden
Lair:4:   statuecave_lemuel, layout_regular_city, minmay_shoals_entry_hut,
          basic_altar, disabler_island, lemuel_fruit_tree

Skill      XL: |  1  2  3  4  5  6  7  8  9 10 11 12 |
---------------+-------------------------------------+-----
Conjurations   | 2 3 4 5 6 7 9 11 12 13 | 13.7
Fighting       | 1 2 3 4 6 7 |  7.6
Air Magic      | 5 6 7 8 10 11 13 14 | 14.0
Spellcasting   | 3 4 5 7 8 9 10 | 10.2
Evocations     | 2 |  2.5
Dodging        | 3 |  3.9
Shields        | 2 |  2.0
Stealth        | |  2.0

Action                   |  1- 3 |  4- 6 |  7- 9 | 10-12 || total
-------------------------+-------+-------+-------+-------++-------
Melee: Kick              |     5 |       |    17 |     7 ||    29
       Unarmed           |     3 |       |       |       ||     3
       Short sword       |    11 |       |       |    12 ||    23
       Dagger            |       |     4 |    63 |       ||    67
       Peck              |       |       |     8 |       ||     8
 Cast: Shock             |    84 |   119 |   188 |   195 ||   586
       Airstrike         |       |       |    55 |   240 ||   295
 Abil: Fly               |       |     1 |       |       ||     1
  Use: Scroll            |     1 |     2 |     4 |    14 ||    21
  Eat: Chunk             |     4 |     7 |    18 |    25 ||    54
       Ration            |       |       |     2 |     7 ||     9
Armor: Robe              |     9 |     4 |    18 |    18 ||    49
Dodge: Dodged            |    26 |    16 |    95 |    78 ||   215
Block: Buckler           |       |       |       |     2 ||     2

Table legend:
 A = Non-vault XP
 B = Vault XP
 C = Vault XP percentage of total XP
 D = Non-vault monster count
 E = Vault monster count
 F = Vault count percentage of total count
                 A         B        C        D         E       F
            +---------+---------+-------+---------+---------+-------
      Total |   23863 |    4830 |  16.8 |     296 |      22 |   6.9
            +---------+---------+-------+---------+---------+-------
        D:1 |      28 |       0 |   0.0 |      17 |       0 |   0.0
        D:2 |      81 |       0 |   0.0 |      24 |       0 |   0.0
        D:3 |     327 |      37 |  10.2 |      35 |       1 |   2.8
        D:4 |     625 |     354 |  36.2 |      24 |       2 |   7.7
        D:5 |     950 |     354 |  27.1 |      20 |       4 |  16.7
        D:6 |    1296 |       0 |   0.0 |      32 |       0 |   0.0
        D:7 |    1301 |       7 |   0.5 |      25 |       4 |  13.8
        D:8 |    1126 |     286 |  20.3 |      22 |       1 |   4.3
        D:9 |     813 |       0 |   0.0 |      12 |       0 |   0.0
       D:10 |    2392 |       0 |   0.0 |      19 |       0 |   0.0
       D:11 |     666 |       0 |   0.0 |       4 |       0 |   0.0
     Lair:1 |    1235 |     389 |  24.0 |       5 |       1 |  16.7
     Lair:2 |    4115 |     754 |  15.5 |      19 |       2 |   9.5
     Lair:3 |    1562 |     320 |  17.0 |       8 |       2 |  20.0
     Lair:4 |    7346 |    2329 |  24.1 |      30 |       5 |  14.3
            +---------+---------+-------+---------+---------+-------
